 Dungeon Crawl Stone Soup version 0.30-a0-385-gfebfb9b408 (webtiles) character file.

Game seed: 2284401338980752844

109 Ayihk420 the Trooper (level 4, -1/41 HPs)
             Began as a Draconian Berserker on Dec 2, 2022.
             Was a Believer of Trog.
             Succumbed to a scorpion's poison
             ... on level 4 of the Dungeon.
             The game lasted 00:10:30 (3089 turns).

Ayihk420 the Trooper (Draconian Berserker)          Turns: 3089, Time: 00:10:30

Health: -1/41      AC:  5    Str: 19    XL:     4   Next: 59%
Magic:  4/4        EV:  8    Int: 11    God:    Trog [**....]
Gold:   104        SH:  9    Dex:  9    Spells: 3/3 levels left

rFire   . . .      SeeInvis .    a - +1 hand axe
rCold   . . .      Faith    .    c - +0 tower shield
rNeg    . . .      Spirit   .    (body armour unavailable)
rPois   .          Reflect  .    (helmet restricted)
rElec   .          Harm     .    (no cloak)
rCorr   .          Rampage  .    (no gloves)
Will    .....                    (no boots)
Stlth   +.........               (no amulet)
HPRegen 0.26/turn                v - ring of wizardry
MPRegen 0.09/turn                (no ring)

@: lethally poisoned (-1 -> -8)
A: AC +5, unfitting armour, cold-blooded, clever 1, mutation resistance 1, weak
1, wild magic 1
a: Renounce Religion, Berserk, Trog's Hand


You were on level 4 of the Dungeon.
You worshipped Trog.
Trog was pleased with you.
You visited 1 branch of the dungeon, and saw 4 of its levels.

You collected 104 gold pieces.

Inventory:

Hand Weapons
 a - a +1 hand axe (weapon)
Missiles
 l - 2 stones
 u - 6 poisoned darts (quivered)
Armour
 c - a +0 tower shield (worn)
Magical Staves
 t - a staff of cold
Jewellery
 v - a ring of wizardry (left hand)
Scrolls
 e - a scroll of fear
Potions
 d - 2 potions of magic


   Skills:
 + Level 4.3 Fighting
 + Level 4.0 Axes
 + Level 3.5 Dodging


You had 3 spell levels left.
You didn't know any spells.
Your spell library was empty.

Dungeon Overview and Level Annotations

Branches:
Dungeon (4/15)
 Temple: D:4-7

Altars:


Innate Abilities, Weirdness & Mutations

Your plain brown scales are hard. (AC +5)
You cannot fit into any form of body armour.
You are cold-blooded and may be slowed by cold attacks.
Your mind is acute. (Int +4, Str/Dex -1)
You are somewhat resistant to further mutation.
You are weak. (Str -2)
Your spells are a little harder to cast, but a little more powerful.


Message History

You are more poisoned.
The scorpion poisons you!
You hit the scorpion but do no damage.
Your tail-slap misses the scorpion.
You feel very sick. You block the scorpion's attack. The scorpion stings you!
You hit the scorpion.
The scorpion is lightly wounded.
You feel very sick. The scorpion barely misses you. The scorpion stings you.
* * * LOW HITPOINT WARNING * * *
You closely miss the scorpion.
The scorpion is lightly wounded.
You feel sick. You block the scorpion's attack.
The scorpion closely misses you.
You hit the scorpion.
You tail-slap the scorpion, but do no damage.
The scorpion is lightly wounded.
You feel sick. The scorpion closely misses you.
You hit the scorpion but do no damage.
The scorpion is lightly wounded.
You feel sick. The scorpion stings you.
* * * LOW HITPOINT WARNING * * *
You block the scorpion's attack.
You hit the scorpion.
The scorpion is moderately wounded.
* * * LOW HITPOINT WARNING * * *
You feel sick.
You are no longer poisoned.
The scorpion stings you but does no damage.
You block the scorpion's attack.
You hit the scorpion but do no damage.
The scorpion is moderately wounded.
The scorpion stings you but does no damage.
The scorpion stings you.
* * * LOW HITPOINT WARNING * * *
You are lethally poisoned!
The scorpion poisons you!
You barely miss the scorpion.
The scorpion is moderately wounded.
You die...

.. .... ...# .#
#... .# .# . ..
....
..##..##.##.##....
...
..................
.. ........!..
.#.... #
#.......###....
#.......##...
#######.###.####.#
<..............s@#
######.#.##.######
...##..#..#.#
...##.###...#
......# #..#
...#### #..# ...#
#### ...# ...#


You could see a scorpion.

Vanquished Creatures
  Terence (D:2)
  Natasha (D:2)
  2 adders (D:2)
  A dart slug (D:2)
  6 ball pythons
  5 endoplasms
  2 giant cockroaches
  2 hobgoblins
  3 jackals (D:2)
  A quokka (D:1)
  A bat (D:1)
  4 frilled lizards
  6 kobolds
  4 rats
39 creatures vanquished.

Notes
Turn   | Place    | Note
-------+----------+-------------------------------------------
     0 | D:1      | Ayihk420 the Draconian Berserker began the quest for the
                  | Orb.
     0 | D:1      | Reached XP level 1. HP: 19/19 MP: 1/1
   154 | D:1      | Reached XP level 2. HP: 26/26 MP: 2/2
  1035 | D:2      | Reached XP level 3. HP: 33/33 MP: 3/3
  1125 | D:2      | Noticed Terence
  1128 | D:2      | Noticed Natasha
  1135 | D:2      | Killed Terence
  1143 | D:2      | Killed Natasha
  1144 | D:2      | Reached XP level 4. HP: 5/40 MP: 4/4
  1763 | D:2      | Noticed a great orb of eyes
  1764 | D:2      | Found a faded altar of an unknown god.
  1772 | D:2      | Noticed an eye of devastation
  1772 | D:2      | Noticed a floating eye
  1772 | D:2      | Noticed a great orb of eyes
  1819 | D:2      | Reached ** piety under Trog
  2689 | D:2      | Gained mutation: Your spells are a little harder to cast,
                  | but a little more powerful. [potion of mutation]
  2689 | D:2      | Gained mutation: You are weak. (Str -2) [potion of
                  | mutation]
  2689 | D:2      | Gained mutation: Your mind is acute. (Int +4, Str/Dex -1)
                  | [potion of mutation]
  2689 | D:2      | Gained mutation: You are somewhat resistant to further
                  | mutation. [potion of mutation]
  3068 | D:4      | Noticed a scorpion
  3087 | D:4      | HP: 2/41 [poisoned by a scorpion]
  3089 | D:4      | Succumbed to a scorpion's poison

Illustrated notes

Levels and vault maps discovered:
D:1:      nzn_arrival_crosshair, layout_loops_ring
D:2:      layout_basic, hellmonk_ecumenical_altar_watching_god, uniq_natasha,
          uniq_terence
D:3:      layout_loops_ring, trog_three_pillars_becter, tgw_xom
D:4:      gammafunk_cloud_chamber, layout_rooms, grunt_dithmenos_smoke,
          uniq_sigmund

Skill      XL: |  1  2  3  4 |
---------------+-------------+-----
Dodging        | 3 |  3.5
Fighting       | 4 |  4.3
Axes           | 4 |  4.0

Action                   |  1- 3 |  4- 6 || total
-------------------------+-------+-------++-------
Melee: Hand axe          |   108 |    45 ||   153
       Tailslap          |    10 |     2 ||    12
       Punch             |     1 |       ||     1
Throw: Stone             |       |     9 ||     9
Invok: Berserk           |     1 |       ||     1
  Use: Scroll            |       |     9 ||     9
       Potion            |       |     6 ||     6
Armor: Skin              |    38 |    34 ||    72
Dodge: Dodged            |    44 |    23 ||    67
Block: Tower shield      |    39 |    40 ||    79

Table legend: (Time is in decaauts)
 A = Elapsed time spent in this place.
 B = Non-inter-level travel time spent in this place.
 C = Inter-level travel time spent in this place.
 D = Time resting spent in this place.
 E = Time spent auto-exploring this place.
 F = Levels seen in this place.
 G = Mean time per level.
                   A        B        C        D        E       F      G
               +--------+--------+--------+--------+--------+-----+--------+
         Total |   3161 |   3071 |     90 |   1370 |    704 |   4 |  790.2 |
       Dungeon |   3161 |   3071 |     90 |   1370 |    704 |   4 |  790.2 |
               +--------+--------+--------+--------+--------+-----+--------+

Top non-repeatable levels by time:
     D:2: 2164 daAuts
     D:1: 825 daAuts
     D:3: 110 daAuts
     D:4: 61 daAuts
